Anemone, neutral female sylph Wizard ------.- |......| .......| ----- |..%.%.| |.%.| ------- |%.%.%.| |...| ##.....%| %)...%..| *-...| # |...%%-#####-----|-- ######)### ###|>..| %# |....%| # #### ----.------- # |..%| % |...%.| # # |..........| ### |....#%# |.(...| # ## #|..........| # ----- ------- # ----.- ###|......@...| #%# # |..<.| # |..........| % # |....-##### |..........(#)###%# ###)############%#[###%## |....| |..........| ---.-----|-- ------ ------------ |..........| |........{.| |..........| ------------ Anemone the Conjurer Experience level: 5 Strength: 11 Dexterity: 9 Constitution: 14 Intelligence: 19 Wisdom: 18 Charisma: 6 Health: 44(44) Energy: 66(66) Def: 1 Gold: 98 Moves: 9307 Dungeon seed: ghAFgmMrjJBR-kua Game ID: Anemone_1487278939 Your Inventory: Coins $ - 98 gold pieces Weapons a - a blessed +1 quarterstaff (weapon in hands) Armor e - an uncursed +0 cloak of magic resistance (being worn) Comestibles k - 2 cursed eucalyptus leaves o - 11 uncursed lichen corpses t - an uncursed food ration Scrolls s - an uncursed scroll of identify Spellbooks b - an uncursed spellbook of force bolt c - an uncursed spellbook of confuse monster Potions f - an uncursed potion of gain energy g - an uncursed potion of healing Wands d - a wand of nothing (0:5) h - a wand of light (0:10) Gems n - a cursed worthless piece of green glass q - a cursed amber Spells and supernatural/magical abilities: Name Level Category Fail Memory a - force bolt 1 attack 0% 54% u - confuse monster 2 enchantment 0% 54% W - pray for help -- divine ? -- Your skills at the end: Miscellaneous Skills wands [Basic] Weapon Skills quarterstaff [Basic] Spellcasting Skills attack spells [Basic] enchantment spells [Basic] Final Attributes: You were devoutly aligned. You were magic-protected. You saw invisible. You had infravision. You were very stealthy. You were protected from shape changers. You were extremely unlucky. Thoth was very angry with you. You are dead. Vanquished creatures: a kitten a kobold lord 25 jackals 8 kobolds 16 newts 6 goblins 13 sewer rats 19 grid bugs 18 lichens a kobold zombie 108 creatures vanquished. Voluntary challenges: You went without food. You did not adorn yourself with jewelry or accessories. You did not cause conflict. You were not invisible. You did not have reflection. You were not displaced. You used a wielded weapon 38 times, starting on turn 7163. You did not apply a unicorn horn. You did not use plumbed fixtures. You read items or engraved 2 times, starting on turn 139. You never genocided any monsters. You never polymorphed an object. You never changed form. You used no wishes. You never split a pudding. You never wrote Elbereth's name. You violated your moral code, losing 1 point of alignment, starting on turn 7827. Dungeon overview: The Dungeons of Doom: Level 1 <- You were here a fountain a long staircase History has recorded: On T:1 you entered the Dungeons of Doom to retrieve the Amulet of Yendor! On T:1030 you prayed to Thoth. On T:2228 you prayed to Thoth. On T:3190 you prayed to Thoth. On T:4228 you prayed to Thoth. On T:5277 you prayed to Thoth. On T:6235 you prayed to Thoth. On T:7147 you prayed to Thoth. On T:7827 you advanced to experience level 2. On T:7852 you advanced to experience level 3. On T:7891 you advanced to experience level 4. On T:7970 you advanced to experience level 5. On T:8296 you prayed to Thoth. On T:9258 you prayed to Thoth. On T:9278 you prayed to Thoth. On T:9292 you prayed to Thoth. On T:9295 you prayed to Thoth. On T:9298 you prayed to Thoth. On T:9301 you prayed to Thoth. On T:9304 you prayed to Thoth. Score breakdown: Gold: 98 ( 9 points) Experience: 5 levels ( 400 points) Exploration: 1 level ( 0 points) Discoveries: 5 items ( 250 points) Variety of kills: 10 monsters ( 500 points) Major goal: (nothing yet) ( 0 points) Survival: died (score multiplied by 3) Total score: 3477 Latest messages: The spell hits the kobold lord! You kill the kobold lord! There are a few objects here. You begin praying to Thoth. You feel that Thoth is displeased. You begin praying to Thoth. You feel that Thoth is displeased. You begin praying to Thoth. The voice of Thoth booms out: "Thou hast angered me." You feel a malignant aura surround you. You begin praying to Thoth. The voice of Thoth booms: "Thou hast angered me." You feel a malignant aura surround you. You begin praying to Thoth. The voice of Thoth booms out: "Thou hast angered me." Suddenly, a bolt of lightning strikes you! You fry to a crisp. Final status: Goodbye Anemone the Wizard, killed by the wrath of Thoth... You died in The Dungeons of Doom on dungeon level 1 with 3477 points, and 98 pieces of gold, after 9307 moves. You were level 5 with a maximum of 44 hit points when you died.